cohdb
Replays
Latest Replays
All Replays
Popular Replays
Top Player Replays
Match Explorer
How It Works
Community
CoH3 Stats
Reddit
Sign in to upload your games and track your stats! →
Sign in with Steam
Match 44938016
Unlisted
Match 44938016
Overview
Messages
Build Orders
End
Selects Luftwaffe Battlegroup
Selects Luftwaffe Pioneer Support
Fallschirmpioneer Squad Paradrop
Construct Infanterie Kompanie
MG 42 Machine Gun Team
Fallschirmpioneer Squad Paradrop
Construct Luftwaffe Kompanie
Jäger Squad
Jäger Squad
Medical Bunker
Luftwaffe Officer Quarters
Selects Stuka Strafing Run
Support Elements
Marder III M Tank Destroyer
Construct Panzergrenadier Kompanie
251 Medium Carrier
Wirbelwind Flakpanzer
Ming Empire
Syllabeer
peace
茶靡
杨司令
JT
孤冰月
子清
0
0
Comments
sign in to comment!
No comments posted yet!